 Dungeon Crawl Stone Soup version 0.29.1-4-g47bece8355 (webtiles) character file.

Game seed: 1044138628615097831

58 safid the Shooter (level 3, -4/33 HPs)
             Began as a Minotaur Hunter on Dec 2, 2022.
             Slain by a gnoll
             ... wielding a +0 club
              (5 damage)
             ... on level 2 of the Dungeon.
             The game lasted 00:02:16 (1457 turns).

safid the Shooter (Minotaur Hunter)                 Turns: 1457, Time: 00:02:17

Health: -4/33      AC:  3    Str: 15    XL:     3   Next: 76%
Magic:  2/2        EV: 12    Int:  6    God:
Gold:   36         SH:  0    Dex: 15    Spells: 2/2 levels left

rFire   . . .      SeeInvis .   a - +0 shortbow
rCold   . . .      Faith    .   (shield currently unavailable)
rNeg    . . .      Spirit   .   c - +0 leather armour
rPois   .          Reflect  .   (helmet restricted)
rElec   .          Harm     .   (no cloak)
rCorr   .          Rampage  .   (no gloves)
Will    .....                   (no boots)
Stlth   +.........              (no amulet)
HPRegen 0.11/turn               (no ring)
MPRegen 0.08/turn               (no ring)

@: no status effects
A: horns 2, retaliatory headbutt
a: no special abilities


You were on level 2 of the Dungeon.
You visited 1 branch of the dungeon, and saw 3 of its levels.

You collected 36 gold pieces.

Inventory:

Hand Weapons
 a - a +0 shortbow (weapon)
Armour
 c - a +0 leather armour (worn)
 o - a +0 pair of boots
Jewellery
 g - a ring of see invisible
Scrolls
 b - a scroll of immolation
 d - 3 scrolls of amnesia {unknown}
 h - a scroll of noise {unknown}
 j - a scroll of torment {unknown}
 l - a scroll of acquirement {unknown}
 m - 2 scrolls of identify {unknown}
 n - a scroll of fog {unknown}
 q - 3 scrolls of teleportation {unknown}
Potions
 e - a potion of flight {unknown}
 f - 3 potions of curing {unknown}
 i - a potion of heal wounds {unknown}
 k - a potion of magic {unknown}
 p - a potion of resistance {unknown}


   Skills:
 + Level 4.0 Fighting
 + Level 5.2 Ranged Weapons
 - Level 2.1 Dodging
 - Level 0.7 Stealth


You had 2 spell levels left.
You didn't know any spells.
Your spell library was empty.

Dungeon Overview and Level Annotations

Branches:
Dungeon (3/15)

Altars:

Shops:
D:1 !


Innate Abilities, Weirdness & Mutations

You have a pair of horns on your head.
You reflexively headbutt those who attack you in melee.


Message History

Unknown command.
Unknown command.
Fire: a) +0 shortbow
Press: ? - help, Q - select action Shift-Dir - straight line, f/p - gnoll
Aim: a gnoll, wielding a +0 club (66% to hit)
You shoot an arrow.
The arrow hits the gnoll but does no damage.
The gnoll hits you with a +0 club.
Fire: a) +0 shortbow
Press: ? - help, Q - select action Shift-Dir - straight line, f/p - gnoll
Aim: a gnoll, wielding a +0 club (66% to hit)
You shoot an arrow. The arrow barely misses the gnoll.
The gnoll misses you. The gnoll closely misses you. You furiously retaliate!
You headbutt the gnoll, but do no damage.
Fire: a) +0 shortbow
Press: ? - help, Q - select action Shift-Dir - straight line, f/p - gnoll
Aim: a gnoll, wielding a +0 club (66% to hit)
You shoot an arrow. The arrow barely misses the gnoll.
The gnoll hits you with a +0 club.
* * * LOW HITPOINT WARNING * * *
Fire: a) +0 shortbow
Press: ? - help, Q - select action Shift-Dir - straight line, f/p - gnoll
Aim: a gnoll, wielding a +0 club (66% to hit)
You shoot an arrow. The arrow closely misses the gnoll.
The gnoll misses you.
Unknown command.
Fire: a) +0 shortbow
Press: ? - help, Q - select action Shift-Dir - straight line, f/p - gnoll
Aim: a gnoll, wielding a +0 club (66% to hit)
You shoot an arrow. The arrow closely misses the gnoll.
The gnoll barely misses you. The gnoll hits you with a +0 club.
* * * LOW HITPOINT WARNING * * *
Unknown command.
Fire: a) +0 shortbow
Press: ? - help, Q - select action Shift-Dir - straight line, f/p - gnoll
Aim: a gnoll, wielding a +0 club (66% to hit)
You shoot an arrow. The arrow hits the gnoll.
The gnoll is heavily wounded.
The gnoll hits you with a +0 club.
You die...

####
####.....
..
#.g).....
. #####@#
# #.....#
##.####
#.###
#...# ...
###.# ...
#.# ##...
#.# #...#
# #.#
#.#.# #


You could see a gnoll.

Vanquished Creatures
  2 gnolls (D:2)
  An adder (D:2)
  2 dart slugs (D:1)
  A bat (D:1)
  7 endoplasms
  2 giant cockroaches (D:2)
  2 goblins
  2 hobgoblins (D:1)
  A quokka (D:1)
  A ball python (D:1)
  3 frilled lizards
  A kobold (D:2)
25 creatures vanquished.

Notes
Turn   | Place    | Note
-------+----------+-------------------------------------------
     0 | D:1      | safid the Minotaur Hunter began the quest for the Orb.
     0 | D:1      | Reached XP level 1. HP: 18/18 MP: 0/0
     6 | D:1      | Noticed a rime drake
     7 | D:1      | Noticed a lindwurm
     7 | D:1      | Noticed a hog
    81 | D:1      | Found Hanwodwoge's Distillery.
   460 | D:1      | Reached XP level 2. HP: 26/26 MP: 1/1
   551 | D:1      | Found a faded altar of an unknown god.
  1220 | D:2      | Reached skill level 5 in Ranged Weapons
  1220 | D:2      | Reached XP level 3. HP: 26/31 MP: 2/2
  1390 | D:2      | You fall into a shaft and drop 1 floor!
  1456 | D:2      | HP: 1/33 [gnoll/+0 club (6)]
  1457 | D:2      | Slain by a gnoll

Illustrated notes

Levels and vault maps discovered:
D:1:      onia_arrival_zoo_common, layout_loops_corners, serial_shops,
          nicolae_diamond_shop, shapermc_ecumenical_altar_pompeii,
          serial_forest, infiniplex_forest_split,
          infiniplex_forest_clump_double, infiniplex_forest_end_1,
          infiniplex_forest_end_2, infiniplex_forest_lined_room_2,
          infiniplex_forest_straight_2, infiniplex_forest_end_3,
          infiniplex_forest_clump_small, infiniplex_forest_lined_room_3,
          infiniplex_forest_3_way
D:2:      wander_river, layout_rooms
D:3:      layout_rooms, grunt_qazlal_sundering

Skill      XL: |  1  2  3 |
---------------+----------+-----
Fighting       | 3 4 |  4.0
Ranged Weapons | 5 |  5.2
Dodging        | |  2.1
Stealth        | |  0.7

Action                   || total
-------------------------++-------
 Fire: Shortbow          ||    73
Armor: Leather armour    ||     8
Dodge: Dodged            ||    13
